 Dungeon Crawl Stone Soup version 0.23.0-3-gf3c87f2 (webtiles) character file.

Game seed: 1737566200379893298

48589 poirepourri the Unseen (level 14, -7/63 HPs)
             Began as a Spriggan Enchanter on Feb 24, 2019.
             Was the Champion of Dithmenos.
             Killed from afar by an electric eel (9 damage)
             ... with a bolt of electricity
             ... on level 6 of the Lair of Beasts.
             The game lasted 00:42:22 (24298 turns).

poirepourri the Unseen (Spriggan Enchanter)        Turns: 24298, Time: 00:42:22

Health: -7/63      AC:  7    Str:  4    XL:     14   Next: 12%
Magic:  35/35      EV: 25    Int: 17    God:    Dithmenos [******]
Gold:   1569       SH:  0    Dex: 21    Spells: 33/45 levels left

rFire    . . .     SeeInvis +   a - +3 short sword (venom)
rCold    . . .     Gourm    .   (shield restricted)
rNeg     . . .     Faith    .   y - +2 robe
rPois    +         Spirit   .   (helmet restricted)
rElec    .         Reflect  .   Q - +2 cloak {+Inv}
rCorr    .         Harm     .   (gloves unavailable)
MR       ++...                  (boots unavailable)
Stlth    ++++++++++             H - amulet of magic regeneration
HPRegen  0.20/turn              e - ring of poison resistance
MPRegen  0.49/turn              t - ring of wizardry

@: wreathed by umbra, very quick
A: very small, unfitting armour, see invisible, herbivore, speed 3, slow
metabolism 2
a: Shadow Step, Shadow Form, Renounce Religion, Evoke Invisibility


You were on level 6 of the Lair of Beasts.
You worshipped Dithmenos.
Dithmenos was exalted by your worship.
You were not hungry.

You visited 4 branches of the dungeon, and saw 21 of its levels.
You also visited: Volcano.

You collected 1569 gold pieces.

Inventory:

Hand Weapons
 a - a +3 short sword of venom (weapon)
 b - a +0 blowgun
 C - a +3 dagger of chaos
 S - a +2 short sword of draining
 U - the cursed +0 flail "Duicoim" {protect, rPois, unknown}
   (You found it on level 5 of the Lair of Beasts)

   It protects the one who uses it against injury (+AC on strike).
   It protects you from poison.
   It has a curse placed upon it.
Missiles
 o - 28 tomahawks (quivered)
 A - 15 poisoned needles
Armour
 m - a +2 cloak
 y - a +2 robe (worn)
 M - a +3 buckler of fire resistance
 Q - a +2 cloak of invisibility (worn)
Magical Staves
 F - an uncursed staff of earth
 J - an uncursed staff of air
 T - an uncursed staff of air
Jewellery
 e - a ring of poison resistance (left hand)
 f - an uncursed ring of positive energy
 j - an uncursed ring of fire
 t - a ring of wizardry (right hand)
 D - an uncursed ring of ice
 H - an amulet of magic regeneration (around neck)
 K - a +2 ring of dexterity
 O - an uncursed ring of protection from magic
Wands
 p - a wand of iceblast (19)
 s - a wand of enslavement (11)
 v - a wand of polymorph (19)
 E - a wand of disintegration (24)
 G - a wand of flame (22)
 I - a wand of acid (26)
Scrolls
 c - 7 scrolls of teleportation
 n - 7 scrolls of amnesia
 q - 2 scrolls of fear
 r - 6 scrolls of remove curse
 x - 2 scrolls of fog
Potions
 g - 3 potions of ambrosia
 h - 3 potions of mutation
 i - 2 potions of flight
 k - 7 potions of curing
 l - 3 potions of haste
 u - a potion of might
 w - 2 potions of magic
 z - 4 potions of lignification
 B - 2 potions of resistance
 L - 3 potions of berserk rage
 N - a potion of brilliance
Comestibles
 d - 14 rations


   Skills:
 - Level 2.1 Fighting
 - Level 8.3 Short Blades
 - Level 8.0 Dodging
 - Level 18.0 Stealth
 - Level 16.3 Spellcasting
 - Level 10.0 Hexes
 + Level 8.5 Invocations
 - Level 9.1 Evocations


You had 33 spell levels left.
You knew the following spells:

 Your Spells              Type           Power        Failure   Level  Hunger
a - Corona                Hex            #####..      1%          1    None
b - Ensorcelled Hibernat  Hex/Ice        ####..       1%          2    None
c - Confuse               Hex            #####...     1%          3    None
d - Tukima's Dance        Hex            #####...     1%          3    None
e - Dazzling Spray        Conj/Hex       ####..       1%          3    None

Your spell library contained the following spells:

 Spells                   Type           Power        Failure   Level  Hunger
 Animate Skeleton         Necr           N/A          1%          1    None
 Confusing Touch          Hex            #####.       1%          1    None
 Pain                     Necr           ##..         1%          1    None
 Shock                    Conj/Air       ##..         1%          1    None
 Summon Small Mammal      Summ           ##..         1%          1    None
 Spectral Weapon          Hex/Chrm       ####....     1%          3    None
 Summon Guardian Golem    Hex/Summ       ####....     1%          3    None
 Call Imp                 Summ           ##......     2%          2    None
 Swiftness                Chrm/Air       ##......     2%          2    None
 Fulminant Prism          Conj/Hex       ####......   2%          4    None
 Call Canine Familiar     Summ           ##......     5%          3    None
 Regeneration             Chrm/Necr      ##........   5%          3    None
 Static Discharge         Conj/Air       ##......     5%          3    None
 Vampiric Draining        Necr           ##........   5%          3    None
 Metabolic Englaciation   Hex/Ice        ####......   6%          5    ####...
 Airstrike                Air            ##........   17%         4    None
 Animate Dead             Necr           N/A          17%         4    None
 Summon Ice Beast         Ice/Summ       ##......     17%         4    None
 Summon Lightning Spire   Summ/Air       ##......     17%         4    None
 Excruciating Wounds      Chrm/Necr      ##........   43%         5    ####...
 Irradiate                Conj/Tmut      ##........   43%         5    ####...
 Lightning Bolt           Conj/Air       ##........   43%         5    ####...
 Hydra Form               Tmut           ##........   92%         6    #####..
 Statue Form              Tmut/Erth      ##.......    92%         6    #####..
 Dragon Form              Tmut           ##........   100%        7    #######


Dungeon Overview and Level Annotations

Branches:
Dungeon (13/15)            Temple (1/1) D:5            Lair (6/6) D:9
  Swamp (0/4) Lair:3        Snake (0/4) Lair:2        Slime (1/5) Lair:5
    Orc (0/2) D:11         Vaults (0/5) D:13

Altars:
Ashenzari
Cheibriados
Dithmenos
Elyvilon
Fedhas
Gozag
Hepliaklqana
Kikubaaqudgha
Makhleb
Nemelex Xobeh
Okawaru
Qazlal
Ru
Sif Muna
Trog
Uskayaw
Vehumet
Wu Jian
Xom
Yredelemnul
Zin
The Shining One
Jiyva

Shops:
D:12 (

Annotations:
D:4 2 transporters
D:5 2 transporters, misha's ghost, novice MfBe
D:9 2 runed translucent doors, exclusion: orange crystal statue, Gastronok


Innate Abilities, Weirdness & Mutations

You are very small and have problems with some larger weapons.
You are too small for most types of armour.
You have supernaturally acute eyesight. (SInv)
You are a herbivore.
You cover ground extremely quickly.
You need to consume almost no food.


Message History

The bolt of electricity hits you. The tyrant leech completely misses you.
A crocodile comes into view.
The blink frog blinks!
The tyrant leech bites you!!
* * * LOW HITPOINT WARNING * * *
You emit a cloud of dark smoke.
The tyrant leech draws strength from your injuries!
The spiny frog gives a loud, deep croak!
The blink frog blinks!
Okay, then.
Okay, then.
As you read the scroll of fear, it crumbles to dust.
You assume a fearsome visage.
The tyrant leech looks frightened! x2
The spiny frog looks frightened!
The crocodile looks frightened!
The blink frog blinks!
You hit the blink frog.
The blink frog is poisoned.
The blink frog is lightly wounded.
Your shadow hits the blink frog with a short sword.
The electric eel shoots out a bolt of lightning at you!
The bolt of electricity hits the plant.
The bolt of electricity hits you!
You die...

..≈.≈≈≈≈≈.≈≈≈≈≈###§§w§§≈≈≈≈P
..P..≈≈≈≈≈≈≈≈≈≈≈###§§§P≈≈≈≈...≈F#
...P.≈≈≈≈≈≈≈≈≈≈≈#≈≈;§§≈≈≈P...≈..#
......≈.≈≈≈≈≈≈≈≈≈≈≈§§§.≈.........
.<†.###......≈≈≈≈≈P..≈P≈..≈......
..÷...#####.≈≈....PP...≈.........
.........†####...................
....÷.....†......................
....÷........†.F@................
...÷....÷........................
.........†.......................
.................................
.#÷#..##..#.#...#.P..P.##....P###
####.###.###.#######.#######.##
### ##.#### ### ## ###


You could see a blink frog and an electric eel.

Vanquished Creatures
  A stone giant (Volcano)
  3 hydras
  2 two-headed ogres
  A shadow wraith (D:10)
  A flayed ghost (D:10)
  An unseen horror (D:10)
  Pikel (D:4)
  4 lindwurms (Lair:5)
  A wolf spider (D:10)
  An oklob plant (Lair:4)
  3 ugly things
  A cyclops (D:12)
  4 black mambas
  Psyche (D:11)
  3 gargoyles
  20 spiny frogs
  2 molten gargoyles (Volcano)
  An efreet (Volcano)
  9 komodo dragons
  4 rime drakes
  A troll (D:10)
  A polar bear (Lair:6)
  Grinder (D:6)
  5 hippogriffs
  27 blink frogs
  A bog body (Lair:3)
  A meliai zombie (D:11)
  5 fire bats (Volcano)
  A wyvern (Lair:4)
  34 yaks
  Grum (D:11)
  2 fire elementals (Volcano)
  2 basilisks
  9 vampire mosquitoes
  5 hungry ghosts
  A warg (D:11)
  10 porcupines
  18 water moccasins
  2 sky beasts (D:11)
  A slave (D:4)
  3 black bears
  7 orc warriors
  A black bear (shapeshifter) (D:10)
  5 ice beasts
  5 phantoms
  2 wolves (D:10)
  10 centaurs
  An eye of draining (Slime:1)
  6 ogres
  2 big kobolds (D:10)
  15 crocodiles
  23 bullfrogs
  An earth elemental (Volcano)
  A water moccasin skeleton (D:9)
  5 scorpions
  8 wights
  3 electric eels (Lair:3)
  2 crimson imps
  Crazy Yiuf (D:2)
  3 jellies
  5 orc priests
  A bullfrog skeleton (D:12)
  A bullfrog zombie (D:10)
  5 hounds
  3 centaur skeletons
  5 hell rats (Lair:3)
  3 iguanas
  7 orc wizards
  7 worker ants
  A hound zombie (D:5)
  3 hound skeletons
  A howler monkey zombie (D:7)
  A worker ant zombie (D:10)
  A howler monkey skeleton (D:7)
  16 adders
  7 gnolls
  2 shadow imps
  3 adder skeletons
  2 adder zombies
  3 worms
  A dart slug (D:1)
  7 leopard geckos
  45 orcs
  4 goblins
  9 hobgoblins
  8 jackals
  2 quokkas
  6 ball pythons
  2 bats
  5 frilled lizards
  A jackal skeleton (D:4)
  13 kobolds
  A quokka skeleton (D:4)
  A quokka zombie (D:5)
  8 rats
  A plant (Lair:4)
487 creatures vanquished.

Vanquished Creatures (collateral kills)
  A phantom (D:12)
1 creature vanquished.

Vanquished Creatures (others)
  A lava snake (Volcano)
  9 fungi
  30 plants
40 creatures vanquished.

Grand Total: 528 creatures vanquished

Notes
Turn   | Place    | Note
-------+----------+-------------------------------------------
     0 | D:1      | poirepourri the Spriggan Enchanter began the quest for the
                  | Orb.
     0 | D:1      | Reached XP level 1. HP: 9/9 MP: 5/5
   221 | D:1      | Reached skill level 5 in Stealth
   289 | D:1      | Reached XP level 2. HP: 9/13 MP: 6/6
   375 | D:1      | Learned a level 2 spell: Ensorcelled Hibernation
  1097 | D:1      | Reached skill level 6 in Stealth
  1256 | D:2      | Reached XP level 3. HP: 13/16 MP: 2/8
  1326 | D:2      | Learned a level 3 spell: Confuse
  1417 | D:2      | Reached skill level 7 in Stealth
  1748 | D:2      | Found a runed translucent door.
  1749 | D:2      | Noticed Crazy Yiuf
  1767 | D:2      | Reached XP level 4. HP: 20/21 MP: 2/9
  2277 | D:2      | Found a sacrificial altar of Ru.
  2278 | D:2      | Found a glowing golden altar of the Shining One.
  2282 | D:2      | Reached skill level 8 in Stealth
  2665 | D:2      | Killed Crazy Yiuf
  2715 | D:3      | Reached XP level 5. HP: 24/24 MP: 10/10
  2741 | D:3      | Reached skill level 9 in Stealth
  2791 | D:3      | Found a faded altar of an unknown god.
  3601 | D:3      | Learned a level 3 spell: Tukima's Dance
  3680 | D:3      | Reached skill level 10 in Stealth
  3756 | D:3      | Found a shadowy altar of Dithmenos.
  4063 | D:3      | Became a worshipper of Dithmenos the Shadowed
  4107 | D:4      | Noticed a phantom
  4130 | D:4      | Killed a phantom
  4130 | D:4      | Reached XP level 6. HP: 28/28 MP: 6/11
  4180 | D:4      | Noticed a slave
  4181 | D:4      | Noticed a slave
  4182 | D:4      | Noticed Pikel
  4182 | D:4      | Noticed a slave
  4183 | D:4      | Noticed a slave
  4196 | D:4      | Killed a slave
  4389 | D:4      | Found a transporter.
  4460 | D:4      | Reached skill level 11 in Stealth
  4890 | D:4      | Found a transporter.
  5162 | D:4      | Reached skill level 12 in Stealth
  5162 | D:4      | Reached XP level 7. HP: 32/32 MP: 12/12
  5564 | D:4      | Killed Pikel
  5564 | D:4      | Reached XP level 8. HP: 13/36 MP: 6/19
  5647 | D:4      | Learned a level 3 spell: Dazzling Spray
  5717 | D:5      | Entered Level 5 of the Dungeon
  5724 | D:5      | Found a staircase to the Ecumenical Temple.
  5909 | Temple   | Entered the Ecumenical Temple
  6270 | D:5      | Reached * piety under Dithmenos
  6427 | D:5      | Found a transporter.
  6427 | D:5      | Noticed misha's ghost (novice MfBe)
  6616 | D:5      | Reached skill level 5 in Hexes
  6895 | D:5      | Found a transporter.
  7014 | D:5      | Found a basalt altar of Yredelemnul.
  7253 | D:6      | Noticed Grinder
  7263 | D:6      | Killed Grinder
  7263 | D:6      | Reached XP level 9. HP: 31/39 MP: 20/23
  8231 | D:6      | Reached ** piety under Dithmenos
  8529 | D:7      | Reached skill level 5 in Short Blades
  9141 | D:7      | Noticed a purple ugly thing
  9205 | D:7      | Killed a purple ugly thing
  9845 | D:8      | Found a shimmering altar of Xom.
  9849 | D:8      | Reached XP level 10. HP: 44/44 MP: 24/24
  9864 | D:8      | Reached skill level 1 in Fighting
  9887 | D:8      | Reached *** piety under Dithmenos
 10422 | D:8      | Reached skill level 5 in Dodging
 10449 | D:8      | Found a deep blue altar of Sif Muna.
 10772 | D:9      | Found a runed translucent door.
 11117 | D:9      | Noticed Gastronok
 11733 | D:9      | Noticed an orange crystal statue
 12080 | D:9      | Found a staircase to the Lair.
 12310 | D:9      | Found a runed translucent door.
 12312 | D:9      | Found the +10 large shield of Ignorance {rN+ Int-4}
 12400 | D:10     | Entered Level 10 of the Dungeon
 12416 | D:10     | Noticed an unseen horror
 12426 | D:10     | Found a glowing golden altar of the Shining One.
 12427 | D:10     | Noticed a wolf spider
 12432 | D:10     | Killed an unseen horror
 12432 | D:10     | Reached skill level 10 in Spellcasting
 12443 | D:10     | Killed a wolf spider
 12724 | D:10     | Found a glowing golden altar of the Shining One.
 12775 | D:10     | Reached **** piety under Dithmenos
 12811 | D:10     | Noticed a gargoyle
 13056 | D:10     | Killed a gargoyle
 13060 | D:10     | Reached XP level 11. HP: 50/50 MP: 14/28
 13194 | D:10     | Noticed a two-headed ogre
 13199 | D:10     | Killed a two-headed ogre
 13362 | D:10     | Found a glowing silver altar of Zin.
 13362 | D:10     | Found a deep blue altar of Sif Muna.
 13363 | D:10     | Noticed a flayed ghost
 13368 | D:10     | Noticed a shadow wraith
 13389 | D:10     | Killed a shadow wraith
 13434 | D:10     | Killed a flayed ghost
 13874 | D:11     | Noticed a two-headed ogre
 13881 | D:11     | Noticed Grum
 13883 | D:11     | Killed a two-headed ogre
 14114 | D:11     | Killed Grum
 14190 | D:11     | Reached skill level 13 in Stealth
 14512 | D:11     | Reached skill level 14 in Stealth
 14795 | D:11     | Noticed Psyche
 14805 | D:11     | Killed Psyche
 14856 | D:11     | Noticed a cyan ugly thing
 15103 | D:11     | Killed a cyan ugly thing
 15160 | D:11     | Found a staircase to the Orcish Mines.
 15164 | D:11     | Reached skill level 15 in Stealth
 15466 | D:11     | Reached XP level 12. HP: 41/54 MP: 14/31
 15479 | D:11     | Reached ***** piety under Dithmenos
 15723 | D:12     | Found Fenal's Antique Weapon Shop.
 15725 | D:12     | Reached skill level 16 in Stealth
 16358 | D:12     | Reached skill level 17 in Stealth
 17080 | D:13     | Found a gate to the Vaults.
 17080 | D:13     | Noticed a centaur warrior
 17080 | D:13     | Noticed a vault guard
 17080 | D:13     | Noticed a vault guard
 17080 | D:13     | Noticed a vault guard
 17080 | D:13     | Noticed a vault guard
 17080 | D:13     | Noticed a centaur warrior
 17151 | Lair:1   | Entered Level 1 of the Lair of Beasts
 17197 | Lair:1   | Reached skill level 18 in Stealth
 18348 | Lair:1   | Reached skill level 10 in Hexes
 19044 | Lair:2   | Found a dark tunnel.
 19054 | Volcano  | Entered a volcano
 19086 | Volcano  | Reached skill level 15 in Spellcasting
 19136 | Volcano  | Found a bloodstained altar of Trog.
 19146 | Volcano  | Noticed a stone giant
 19177 | Volcano  | Killed a stone giant
 19494 | Lair:2   | Reached XP level 13. HP: 58/58 MP: 33/33
 19661 | Lair:2   | Found a staircase to the Snake Pit.
 20033 | Lair:3   | Reached ****** piety under Dithmenos
 20143 | Lair:3   | Reached skill level 1 in Evocations
 20715 | Lair:3   | Found a staircase to the Swamp.
 20981 | Lair:3   | Reached skill level 5 in Evocations
 21540 | Lair:4   | Found a blossoming altar of Fedhas.
 22060 | Lair:4   | Identified a scroll of acquirement
 22323 | Lair:5   | Found a viscous altar of Jiyva.
 22324 | Lair:5   | Found a staircase to the Slime Pits.
 22874 | Lair:5   | Reached skill level 5 in Invocations
 22892 | Lair:5   | Identified the Compendium of Ghastly Hexes
 22899 | Lair:5   | Got an ichor-stained flail
 22902 | Lair:6   | Entered Level 6 of the Lair of Beasts
 23732 | Lair:6   | Reached XP level 14. HP: 63/63 MP: 30/35
 23859 | Slime:1  | Entered Level 1 of the Pits of Slime
 23862 | Slime:1  | Noticed an azure jelly
 24288 | Lair:6   | HP: 1/63 [tyrant leech (29)]
 24298 | Lair:6   | Killed from afar by an electric eel

Skill      XL: |  1  2  3  4  5  6  7  8  9 10 11 12 13 14 |
---------------+-------------------------------------------+-----
Stealth        | 5 6 7 8 10 12 15 18 | 18.0
Spellcasting   | 7 9 12 14 15 16 | 16.3
Hexes          | 7 8 10 | 10.0
Short Blades   | 8 |  8.3
Fighting       | 2 |  2.1
Dodging        | 8 |  8.0
Evocations     | 9 |  9.1
Invocations    | 7 8 |  8.5

Action                   |  1- 3 |  4- 6 |  7- 9 | 10-12 | 13-15 || total
-------------------------+-------+-------+-------+-------+-------++-------
Melee: Dagger            |    73 |       |       |       |       ||    73
       Short sword       |    22 |   102 |   286 |   630 |   311 ||  1351
Throw: Tomahawk          |       |     1 |       |       |       ||     1
 Cast: Ensorcelled Hiber |    18 |    13 |    31 |   130 |    70 ||   262
       Confuse           |       |     4 |    51 |    86 |    28 ||   169
       Dazzling Spray    |       |       |       |    51 |    37 ||    88
       Tukima's Dance    |       |       |       |     1 |       ||     1
Invok: Shadow Step       |       |       |       |     1 |     4 ||     5
Evoke: Wand              |       |       |       |     1 |       ||     1
  Use: Scroll            |     8 |     4 |     6 |    14 |    15 ||    47
       Potion            |     1 |     1 |     4 |     8 |     4 ||    18
 Stab: Sleeping          |    12 |    19 |    33 |   102 |    76 ||   242
       Confused          |       |     3 |    19 |    42 |    15 ||    79
       Distracted        |       |       |     1 |     2 |     4 ||     7
       Invisible         |       |       |       |     2 |     9 ||    11
  Eat: Ration            |       |     3 |     2 |     5 |     4 ||    14
Armor: Robe              |     8 |    13 |    29 |    37 |    12 ||    99
Dodge: Dodged            |    76 |    87 |   254 |   543 |   245 ||  1205
